 Dungeon Sprint DCSS version 0.22-a0-367-gb72a975701 (webtiles) character file.

18629 KillingSpree the Naga Aeon (level 12, -8/117 HPs)
             Began as a Naga Fighter on Apr 22, 2018.
             Was the Champion of Cheibriados.
             Mangled by an ettin
             ... wielding a +0 dire flail
              (35 damage)
             ... in the Dungeon (Sprint IX: "|||||||||||||||||||||||||||||").
             The game lasted 00:04:06 (2232 turns).

KillingSpree the Naga Aeon (Naga Fighter)           Turns: 2232, Time: 00:04:07

Health: -8/117     AC: 23    Str: 42    XL:     12   Next: 60%
Magic:  9/26       EV: 10    Int: 26    God:    Cheibriados [******]
Gold:   1363       SH: 16    Dex: 28    Spells: 11/11 levels left

rFire    + . .     SeeInvis +   B - +1 demon whip (flame)
rCold    . . .     Gourm    .   c - +0 shield
rNeg     . . .     Faith    .   C - +4 plate armour {rF+}
rPois    +         Spirit   .   E - +1 helmet
rElec    .         Reflect  .   D - +1 cloak
rCorr    .         Harm     .   w - +0 pair of gloves
MR       +....     NoTele   +   (no barding)
Stlth    ..........             (no amulet)
HPRegen  0.29/turn              r - +3 ring of strength
MPRegen  0.20/turn              q - +3 ring of intelligence

@: starving, very slow
A: large, claws 1, fangs 1, see invisible, deformed body, mutation resistance 1,
poison resistance, slowness 2, slow metabolism 1, spit poison 1, strong 1, AC +4
a: Spit Poison, Bend Time, Temporal Distortion, Slouch, Step From Time, Renounce
Religion


You were in the Dungeon.
You worshipped Cheibriados.
Cheibriados was exalted by your worship.
You were starving.

You visited 1 branch You collected 1924 gold pieces.
You spent 561 gold pieces at shops.

Inventory:

Hand Weapons
 a - a +0 flail
 B - a +1 demon whip of flaming (weapon)
Armour
 b - a +0 scale mail
 c - a +0 shield (worn)
 p - a +1 chain mail
 u - a +0 helmet
 v - a +0 cloak
 w - a +0 pair of gloves (worn)
 C - a +4 plate armour of fire resistance (worn)
 D - a +1 cloak (worn)
 E - a +1 helmet (worn)
Jewellery
 q - a +3 ring of intelligence (right hand)
 r - a +3 ring of strength (left hand)
 x - an uncursed ring of protection from fire
 z - an uncursed ring of protection from fire
 A - an uncursed ring of protection from magic
Wands
 n - a wand of iceblast (10)
Scrolls
 k - 3 scrolls of blinking
 l - 5 scrolls of remove curse
 m - 2 scrolls of amnesia
 s - 3 scrolls of identify
 t - 2 scrolls of fear
 F - 2 scrolls of enchant weapon
Potions
 d - 2 potions of might
 e - 8 potions of curing
 g - 3 potions of heal wounds
 h - 3 potions of haste
 i - 3 potions of magic
 j - a potion of invisibility
 o - 2 potions of brilliance
Miscellaneous
 y - a lamp of fire
Comestibles
 f - 11 rations


   Skills:
 + Level 10.5 Fighting
 + Level 15.3 Maces & Flails
 + Level 10.0 Armour
 + Level 4.0 Dodging
 + Level 10.6 Shields
 * Level 20.0 Invocations


You had 11 spell levels left.
You didn't know any spells.

Dungeon Overview and Level Annotations

Branches:
Dungeon (1/1)

Altars:
Cheibriados
Dithmenos
Elyvilon
Fedhas
Gozag
Hepliaklqana
Kikubaaqudgha
Makhleb
Nemelex Xobeh
Okawaru
Qazlal
Ru
Sif Muna
Trog
Uskayaw
Vehumet
Wu Jian
Xom
Yredelemnul
Zin
The Shining One
Beogh
Jiyva
Lugonu

Shops:
D }}!%


Innate Abilities, Weirdness & Mutations

You cannot wear boots.
Your serpentine skin is tough. (AC +4)
You have supernaturally acute eyesight. (SInv)
Armour fits poorly on your strangely shaped body.
Your system is resistant to poisons. (rPois)
You cover ground very slowly.
You have a slow metabolism.
You can spit poison.
You have sharp fingernails.
You have very sharp teeth.
You are somewhat resistant to further mutation.
Your muscles are strong. (Str +2)


Message History

The ettin hits you with a dire flail!! The ettin barely misses you.
The ettin hits you with a dire flail! The ettin completely misses you.
A lindwurm and a hell knight come into view.
The hell knight is wielding a battleaxe of chopping.
Things that are here:
a great sword of flaming; a fire giant corpse You can feel time thicken for a moment.
You are starving!
The hell knight shouts!
You block the ettin's attack. The ettin closely misses you.
Unknown command.
You thrash the ettin!! You burn the ettin.
You kill the ettin!
Cheibriados thoroughly appreciates the change of pace.
Your Armour skill increases to level 10!
Your Invocations skill increases to level 20!
You block the ettin's attack. The ettin hits you with a dire flail!!
* * * LOW HITPOINT WARNING * * *
The ettin hits you with a dire flail!!
You die...

..[.....')[[......†††'.....††.†'.
▓▓▓▓▓▓▓▓▓▓▓▓▓▓▓▓▓▓▓▓▓▓▓▓▓▓▓▓▓▓▓▓▓
............)....................
▓▓▓▓▓▓▓▓▓▓▓▓▓▓▓▓▓▓▓▓▓▓▓▓▓▓▓▓▓▓▓▓▓
....'.....∩)∩†∩.∩[[[((((......)))
▓▓▓▓▓▓▓▓▓▓▓▓▓▓▓▓▓▓▓▓▓▓▓▓▓▓▓▓▓▓▓▓▓
.............)...................
▓▓▓▓▓▓▓▓▓▓▓▓▓▓▓▓▓▓▓▓▓▓▓▓▓▓▓▓▓▓▓▓▓
.Q..pkC@).)'..........[[
▓▓▓▓▓▓▓▓▓▓▓▓▓▓▓▓▓▓▓▓▓▓▓▓


You could see an ettin, a hell knight, a lindwurm and a tengu conjurer
(wandering).

Vanquished Creatures
  A fire giant (D)
  A stone giant (D)
  An ettin (D)
  Josephine (D)
  Erica (D)
  A centaur warrior (D)
  3 ogre magi (D)
  An orc high priest (D)
  3 deep trolls (D)
  2 lindwurms (D)
  An orc knight (D)
  A black mamba (D)
  An elephant (D)
  2 spiny frogs (D)
  A komodo dragon (D)
  An efreet (D)
  6 trolls (D)
  A tengu conjurer (D)
  A slime creature (D)
  3 tyrant leeches (D)
  A blink frog (D)
  5 hippogriffs (D)
  A wyvern (D)
  5 wraiths (D)
  A yak (D)
  3 water moccasins (D)
  2 porcupines (D)
  9 orc warriors (D)
  An ice beast (D)
  A necrophage (D)
  A sky beast (D)
  A black bear (D)
  3 crocodiles (D)
  A bullfrog (D)
  A jelly (D)
  4 orc priests (D)
  4 orc wizards (D)
  2 worker ants (D)
  An iguana (D)
  4 adders (D)
  A shadow imp (D)
  3 worms (D)
  7 orcs (D)
  A bat (D)
  A bat skeleton (D)
  A giant cockroach (D)
  A hobgoblin (D)
  A quokka (D)
  A frilled lizard (D)
  A rat (D)
102 creatures vanquished.

Notes
Turn   | Place    | Note
-------+----------+-------------------------------------------
     0 | D        | KillingSpree the Naga Fighter began the quest for the Orb.
     0 | D        | Reached XP level 1. HP: 21/21 MP: 1/1
   309 | D        | Noticed a sky beast
   309 | D        | Noticed an iguana
   313 | D        | Reached skill level 5 in Maces & Flails
   313 | D        | Reached XP level 2. HP: 28/28 MP: 2/2
   316 | D        | Reached XP level 3. HP: 34/34 MP: 3/3
   332 | D        | Killed a sky beast
   332 | D        | Reached skill level 10 in Maces & Flails
   332 | D        | Reached XP level 4. HP: 29/42 MP: 4/4
   332 | D        | Reached XP level 5. HP: 34/49 MP: 5/5
   384 | D        | Found a roughly hewn altar of Beogh.
   384 | D        | Found a snail-covered altar of Cheibriados.
   384 | D        | Found a shadowy altar of Dithmenos.
   384 | D        | Found a white marble altar of Elyvilon.
   384 | D        | Found a blossoming altar of Fedhas.
   384 | D        | Found an opulent altar of Gozag.
   385 | D        | Found a hazy altar of Hepliaklqana.
   386 | D        | Found a viscous altar of Jiyva.
   387 | D        | Found an ancient bone altar of Kikubaaqudgha.
   388 | D        | Became a worshipper of Cheibriados the Contemplative
   389 | D        | Found a corrupted altar of Lugonu.
   390 | D        | Found a burning altar of Makhleb.
   391 | D        | Found a sparkling altar of Nemelex Xobeh.
   392 | D        | Found an iron altar of Okawaru.
   393 | D        | Found a stormy altar of Qazlal.
   394 | D        | Found a sacrificial altar of Ru.
   395 | D        | Found a deep blue altar of Sif Muna.
   396 | D        | Found a bloodstained altar of Trog.
   397 | D        | Found a hide-covered altar of Uskayaw.
   398 | D        | Found a radiant altar of Vehumet.
   399 | D        | Found an ornate altar of the Wu Jian Council.
   400 | D        | Found a shimmering altar of Xom.
   401 | D        | Found a basalt altar of Yredelemnul.
   402 | D        | Found a glowing silver altar of Zin.
   403 | D        | Found a glowing golden altar of the Shining One.
   504 | D        | Noticed a necrophage
   504 | D        | Noticed an ice beast
   506 | D        | Reached skill level 1 in Invocations
   508 | D        | Reached * piety under Cheibriados
   518 | D        | Killed an ice beast
   518 | D        | Reached ** piety under Cheibriados
   518 | D        | Reached skill level 1 in Dodging
   518 | D        | Reached skill level 3 in Invocations
   518 | D        | Reached XP level 6. HP: 31/57 MP: 5/8
   523 | D        | Killed a necrophage
   527 | D        | Reached skill level 4 in Invocations
   657 | D        | Noticed a yak
   657 | D        | Noticed a slime creature
   657 | D        | Noticed a wyvern
   674 | D        | Killed a slime creature
   674 | D        | Reached *** piety under Cheibriados
   674 | D        | Reached skill level 5 in Fighting
   674 | D        | Reached skill level 5 in Armour
   674 | D        | Reached skill level 5 in Invocations
   674 | D        | Reached XP level 7. HP: 37/67 MP: 10/10
   684 | D        | Killed a wyvern
   684 | D        | Reached **** piety under Cheibriados
   684 | D        | Reached skill level 5 in Shields
   709 | D        | Killed a yak
   709 | D        | Reached ***** piety under Cheibriados
   709 | D        | Reached skill level 6 in Invocations
   709 | D        | Reached XP level 8. HP: 42/76 MP: 12/12
   968 | D        | Noticed a hippogriff
   968 | D        | Noticed a komodo dragon
   973 | D        | Killed a komodo dragon
   973 | D        | Reached skill level 7 in Invocations
   974 | D        | Noticed a spiny frog
   974 | D        | Killed a hippogriff
   974 | D        | Reached XP level 9. HP: 69/86 MP: 7/14
   974 | D        | Reached ****** piety under Cheibriados
   974 | D        | Killed a spiny frog
   974 | D        | Reached skill level 8 in Invocations
  1159 | D        | Noticed a spiny frog
  1159 | D        | Noticed a black mamba
  1160 | D        | Killed a black mamba
  1160 | D        | Reached skill level 9 in Invocations
  1160 | D        | Killed a spiny frog
  1165 | D        | Noticed an elephant
  1166 | D        | Reached XP level 10. HP: 89/98 MP: 11/17
  1166 | D        | Reached skill level 10 in Invocations
  1172 | D        | Killed an elephant
  1228 | D        | Noticed a lindwurm
  1228 | D        | Noticed a lindwurm
  1231 | D        | Killed a lindwurm
  1231 | D        | Killed a lindwurm
  1231 | D        | Reached skill level 11 in Invocations
  1542 | D        | Noticed Erica
  1554 | D        | Killed Erica
  1554 | D        | Reached skill level 12 in Invocations
  1633 | D        | Reached skill level 13 in Invocations
  1633 | D        | Reached XP level 11. HP: 97/106 MP: 15/20
  1673 | D        | Noticed an orc high priest
  1674 | D        | Noticed an orc knight
  1676 | D        | Killed an orc high priest
  1676 | D        | Reached skill level 15 in Maces & Flails
  1676 | D        | Reached skill level 14 in Invocations
  1683 | D        | Killed an orc knight
  1782 | D        | Found Mur Vut's Food Boutique.
  1782 | D        | Noticed an ogre mage
  1782 | D        | Noticed a deep troll
  1782 | D        | Noticed a deep troll
  1785 | D        | Reached skill level 15 in Invocations
  1787 | D        | Killed a deep troll
  1787 | D        | Killed a deep troll
  1787 | D        | Killed an ogre mage
  1787 | D        | Reached skill level 16 in Invocations
  1789 | D        | Noticed a stone giant
  1789 | D        | Found Usifick's Distillery.
  1791 | D        | Found Hecemosuss's Gadget Boutique.
  1792 | D        | Noticed an ogre mage
  1803 | D        | Killed a stone giant
  1803 | D        | Reached skill level 17 in Invocations
  1805 | D        | Killed an ogre mage
  1900 | D        | Found Peggequi's Gadget Shop.
  1904 | D        | Noticed a deep troll
  1913 | D        | Killed a deep troll
  1913 | D        | Reached skill level 10 in Fighting
  1914 | D        | Reached XP level 12. HP: 101/116 MP: 17/24
  1916 | D        | Noticed an ogre mage
  1922 | D        | Reached skill level 18 in Invocations
  1925 | D        | Killed an ogre mage
  1982 | D        | Bought a potion of mutation for 88 gold pieces
  1982 | D        | Bought a potion of curing for 33 gold pieces
  1984 | D        | Bought a lamp of fire for 440 gold pieces
  1986 | D        | Gained mutation: You have sharp fingernails. [potion of mutation]
  1986 | D        | Gained mutation: Your magical capacity is low. (-10% MP) [potion of mutation]
  1986 | D        | Gained mutation: Your muscles are strong. (Str +2) [potion of mutation]
  2048 | D        | Noticed Josephine
  2058 | D        | Killed Josephine
  2058 | D        | Reached skill level 10 in Shields
  2200 | D        | Lost mutation: Your magical capacity is low. (-10% MP) [potion of mutation]
  2200 | D        | Gained mutation: You have very sharp teeth. [potion of mutation]
  2200 | D        | Gained mutation: You are somewhat resistant to further mutation. [potion of mutation]
  2212 | D        | Noticed a centaur warrior
  2212 | D        | Reached skill level 19 in Invocations
  2214 | D        | Killed a centaur warrior
  2216 | D        | Noticed a fire giant
  2217 | D        | Noticed an ettin
  2224 | D        | Killed a fire giant
  2229 | D        | Noticed an ettin
  2231 | D        | Killed an ettin
  2231 | D        | Reached skill level 10 in Armour
  2231 | D        | Reached skill level 20 in Invocations
  2232 | D        | Mangled by an ettin

Vault maps used:
D:        linesprint

Skill      XL: |  1  2  3  4  5  6  7  8  9 10 11 12 |
---------------+-------------------------------------+-----
Maces & Flails | 5 6 10 11 12 13 14 15 | 15.3
Invocations    | 3 5 6 7 9 13 17 20 | 20.0
Armour         | 3 5 6 7 8 9 10 | 10.0
Fighting       | 4 5 6 7 8 9 10 | 10.5
Dodging        | 1 2 3 4 |  4.0
Shields        | 3 4 5 6 7 9 10 | 10.6

Action                   |  1- 3 |  4- 6 |  7- 9 | 10-12 || total
-------------------------+-------+-------+-------+-------++-------
Melee: Flail             |    49 |    43 |    48 |   121 ||   261
       Demon whip        |       |       |       |    12 ||    12
       Bite              |       |       |       |     4 ||     4
Invok: Slouch            |       |       |     3 |    24 ||    27
 Abil: Spit Poison       |     2 |     3 |     2 |     3 ||    10
  Use: Potion            |     1 |       |     1 |     4 ||     6
  Eat: Chunk             |       |       |       |     4 ||     4
Armor: Scale mail        |    21 |     5 |       |       ||    26
       Chain mail        |       |     7 |    19 |    14 ||    40
       Plate armour      |       |       |       |     2 ||     2
Dodge: Dodged            |    12 |     8 |    12 |    31 ||    63
Block: Shield            |    15 |    14 |    31 |    74 ||   134

Table legend:
 A = Spawn XP
 B = Non-spawn XP
 C = Spawn XP percentage of total XP
 D = Spawn monster count
 E = Non-spawn monster count
 F = Spawn count percentage of total count
 G = Total turns spent on level
                    A         B        C        D         E        F      G
               +---------+---------+-------+---------+---------+-------+---------
         Total |       0 |   26613 |   0.0 |       0 |     102 |   0.0 |  2232
               +---------+---------+-------+---------+---------+-------+---------
             D |       0 |   26613 |   0.0 |       0 |     102 |   0.0 |  2232
               +---------+---------+-------+---------+---------+-------+---------
